 Dungeon Crawl Stone Soup version 0.21.1-1-g345015f (webtiles) character file.

93 LairdRich the Sneak (level 4, 34/34 HPs)
             Began as a Demonspawn Assassin on June 18, 2018.
             Quit the game on level 3 of the Dungeon.
             The game lasted 00:12:50 (2512 turns).

LairdRich the Sneak (Demonspawn Assassin)           Turns: 2512, Time: 00:12:51

Health: 34/34      AC:  3    Str: 13    XL:     4   Next: 37%
Magic:  4/4        EV: 12    Int: 12    God:
Gold:   110        SH:  0    Dex: 14    Spells: 3/3 levels left

rFire    . . .     SeeInvis .   a - +2 dagger
rCold    . . .     Gourm    .   (no shield)
rNeg     . . .     Faith    .   c - +0 robe
rPois    +         Spirit   .   (no helmet)
rElec    .         Reflect  .   d - +0 cloak
rCorr    .         Harm     .   (no gloves)
MR       .....                  (no boots)
Stlth    ++++......             (no amulet)
HPRegen  0.11/turn              r - ring of poison resistance
MPRegen  0.09/turn              (no ring)

@: no status effects
A: nightstalker 1
a: no special abilities


You were on level 3 of the Dungeon.
You were not hungry.

You visited 1 branch of the dungeon, and saw 3 of its levels.

You collected 110 gold pieces.

Inventory:

Hand Weapons
 a - a +2 dagger (weapon)
 b - a +0 blowgun
Missiles
 e - 20 poisoned needles
 f - 2 curare-tipped needles
 q - 2 needles of confusion
Armour
 c - a +0 robe (worn)
 d - a +0 cloak (worn)
Jewellery
 r - a ring of poison resistance (left hand)
Scrolls
 i - a scroll of enchant armour {unknown}
 j - a scroll of enchant weapon {unknown}
 k - a scroll of remove curse {unknown}
 m - a scroll of magic mapping {unknown}
 n - a scroll of noise {unknown}
 s - a scroll of identify {unknown}
 t - a scroll of fear {unknown}
Potions
 h - a potion of heal wounds {unknown}
 l - 2 potions of flight {unknown}
 o - a potion of haste {unknown}
 p - 2 potions of resistance {unknown}
 u - 2 potions of invisibility {unknown}
Comestibles
 g - 9 rations
 v - 2 chunks of flesh


   Skills:
 + Level 2.6 Fighting
 + Level 2.5 Short Blades
 + Level 2.4 Throwing
 + Level 1.7 Dodging
 + Level 4.1 Stealth


You had 3 spell levels left.
You didn't know any spells.

Dungeon Overview and Level Annotations

Branches:
Dungeon (3/15)

Altars:
Ashenzari
Dithmenos
Gozag
Ru
Uskayaw
Xom
The Shining One

Annotations:
D:2 2 transporters


Innate Abilities, Weirdness & Mutations

You are slightly more attuned to the shadows.


Message History

The adder is almost dead.
The adder barely misses you.
You miss the adder.
The adder is almost dead.
The adder bites you. The adder misses you.
You hit the adder but do no damage.
The adder is almost dead.
The adder closely misses you.
You barely miss the adder.
The adder is almost dead.
The adder misses you.
You hit the adder.
You kill the adder!
You start resting.
HP restored.
e - 20 poisoned needles (gained 1)
There is a hide-covered altar of Uskayaw here.
Autopickup is now off.
Autopickup is now on.
Are you sure you want to abandon this character and quit the game? (Confirm with "yes".)

#.#.... ##.#... #.###.####
#..#.# ###. $.....#
##...#. ...##..#..
##...... . #.......
###.......
..###....########...#.....
...............>..####....
#.#..._..@##....### ##...
#.........#.....# ##.#
##..#####.....### #.#
#..#.((#...### #.#
....#...#..## #.#
....#####.... #.#
..........#### #.#
.##.#$.#### #.# ..# #.#


You could see 2 dancing weapons.

Vanquished Creatures
  4 adders
  2 oozes
  A dart slug (D:2)
  2 ball pythons (D:1)
  3 giant cockroaches
  4 goblins
  8 hobgoblins
  6 bats
  A frilled lizard (D:2)
  9 kobolds
  10 rats
50 creatures vanquished.

Notes
Turn   | Place    | Note
-------+----------+-------------------------------------------
     0 | D:1      | LairdRich the Demonspawn Assassin began the quest for the Orb.
     0 | D:1      | Reached XP level 1. HP: 16/16 MP: 1/1
   100 | D:1      | Found a shimmering altar of Xom.
   172 | D:1      | Reached skill level 1 in Dodging
   473 | D:1      | Gained mutation: You are slightly more attuned to the shadows. [demonic ancestry]
   473 | D:1      | Reached XP level 2. HP: 8/22 MP: 2/2
  1230 | D:2      | Reached XP level 3. HP: 26/28 MP: 3/3
  1288 | D:2      | Found a transporter.
  1292 | D:2      | Found a shadowy altar of Dithmenos.
  1293 | D:2      | Found a transporter.
  1294 | D:2      | Noticed an orc warrior
  1394 | D:2      | Found an opulent altar of Gozag.
  1620 | D:2      | Reached skill level 4 in Stealth
  1836 | D:2      | Reached XP level 4. HP: 31/34 MP: 4/4
  1931 | D:2      | Found a shattered altar of Ashenzari.
  2194 | D:2      | Found a glowing golden altar of the Shining One.
  2314 | D:3      | Found a sacrificial altar of Ru.
  2396 | D:3      | Noticed a hand axe
  2396 | D:3      | Found a hide-covered altar of Uskayaw.
  2399 | D:3      | Noticed a dagger
  2512 | D:3      | Quit the game

Skill      XL: |  1  2  3 |
---------------+----------+-----
Dodging        | 1 |  1.7
Short Blades   | 2 |  2.5
Throwing       | 2 |  2.4
Stealth        | 4 |  4.1
Fighting       | |  2.6

Action                   |  1- 3 |  4- 6 || total
-------------------------+-------+-------++-------
Melee: Dagger            |   136 |    29 ||   165
 Fire: Blowgun           |       |     8 ||     8
 Stab: Sleeping          |    10 |       ||    10
  Eat: Chunk             |     3 |       ||     3
       Ration            |       |     1 ||     1
Armor: Robe              |    50 |     9 ||    59
Dodge: Dodged            |    93 |    26 ||   119
